 Dungeon Crawl Stone Soup version 0.28-a0-1356-g2ad6d04315 (webtiles) character file.

Game seed: 7619783172571461687

61 funkygono the Firebug (level 3, -4/26 HPs)
             Began as a Draconian Fire Elementalist on Dec 30, 2021.
             Killed by divine providence
             ... invoked by an orc priest
              (10 damage)
             ... on level 3 of the Dungeon.
             The game lasted 00:03:43 (2274 turns).

funkygono the Firebug (Draconian Fire Elementalist) Turns: 2274, Time: 00:03:43

Health: -4/26      AC:  5    Str: 10    XL:     3   Next: 83%
Magic:  2/6        EV: 12    Int: 17    God:
Gold:   23         SH:  0    Dex: 11    Spells: 0/6 levels left

rFire   . . .      SeeInvis .   e - +0 dagger
rCold   . . .      Faith    .   (no shield)
rNeg    . . .      Spirit   .   (armour unavailable)
rPois   .          Reflect  .   (helmet restricted)
rElec   .          Harm     .   (no cloak)
rCorr   .          Rampage  .   (no gloves)
Will    .....                   (no boots)
Stlth   ++........              (no amulet)
HPRegen 0.08/turn               (no ring)
MPRegen 0.10/turn               (no ring)

@: no status effects
A: AC +5, unfitting armour, cold-blooded
a: no special abilities


You were on level 3 of the Dungeon.
You visited 1 branch of the dungeon, and saw 3 of its levels.

You collected 83 gold pieces.
You spent 60 gold pieces at shops.

Inventory:

Hand Weapons
 e - a +0 dagger (weapon)
 k - a +0 whip
Missiles
 b - 94 stones
Magical Staves
 f - a staff of earth
Scrolls
 c - a scroll of acquirement {unknown}
 d - a scroll of immolation {unknown}
 h - a scroll of amnesia {unknown}
 j - a scroll of silence {unknown}
 l - a scroll of identify {unknown}
 m - a scroll of teleportation {unknown}
 o - a scroll of blinking {unknown}
Potions
 a - a potion of cancellation {unknown}
 g - 2 potions of might {unknown}
 i - a potion of resistance {unknown}
 n - a potion of heal wounds


   Skills:
 + Level 1.9 Dodging
 - Level 1.7 Stealth
 * Level 2.4 Spellcasting
 * Level 2.1 Conjurations
 * Level 3.9 Fire Magic


You couldn't memorise any spells.
You knew the following spells:

 Your Spells              Type           Power      Damage    Failure   Level
a - Foxfire               Conj/Fire      48%        2x1d6     5%          1
b - Scorch                Fire           30%        2d7       5%          2
c - Conjure Flame         Conj/Fire      12%        6-21      16%         3

Your spell library contained the following spells:

 Spells                   Type           Power      Damage    Failure   Level
 Inner Flame              Hex/Fire       8%         N/A       24%         3
 Flame Wave               Conj/Fire      12%        2d5       47%         4
 Gell's Gravitas          Tloc           2%         N/A       50%         3
 Teleport Other           Tloc           2%         N/A       50%         3
 Dispersal                Tloc           1%         N/A       100%        6


Dungeon Overview and Level Annotations

Branches:
Dungeon (3/15)

Altars:

Shops:
D:2 !   D:3 *


Innate Abilities, Weirdness & Mutations

Your plain brown scales are hard. (AC +5)
You cannot fit into any form of body armour.
You are cold-blooded and may be slowed by cold attacks.


Message History

You conjure some foxfire!
The foxfire hits the orc but does no damage. x2
An orc comes into view. It is wielding a +0 hand axe.
Casting: Foxfire (safe; 5% risk of failure)
Confirm with . or Enter, or press ? or * to list all spells.
You conjure some foxfire!
The foxfire hits the orc.
The orc is heavily wounded.
The foxfire hits the orc but does no damage.
The orc is heavily wounded.
The orc priest casts a cantrip, but nothing happens.
Casting: Foxfire (safe; 5% risk of failure)
Confirm with . or Enter, or press ? or * to list all spells.
You don't have enough magic to cast this spell.
Unknown command.
The orc hits you with a +0 dagger.
Casting: Foxfire (safe; 5% risk of failure)
Confirm with . or Enter, or press ? or * to list all spells.
You conjure some foxfire!
The orc priest calls upon Beogh to heal the orc.
The orc's wounds heal themselves!
The foxfire hits the orc.
The orc is moderately wounded.
The foxfire hits the orc.
The orc is heavily wounded.
The orc priest calls upon Beogh to heal the orc.
The orc's wounds heal themselves!
Casting: Foxfire (safe; 5% risk of failure)
Confirm with . or Enter, or press ? or * to list all spells.
You don't have enough magic to cast this spell.
The orc priest looks satisfied for a moment.
The orc priest mumbles some strange prayers to Beogh against you.
Beogh smites you!
Ouch! That really hurt!
* * * LOW HITPOINT WARNING * * *
Unknown command.
Unknown command.
You see here 3 curare-tipped darts.
Unknown command.
The orc priest mumbles some strange prayers to Beogh against you.
Beogh smites you!
You die...

.....⌠...........# #.#
.#..#.........o..##### #.#
...........o.........####.#
######..##.####..###.##...#
# #..##.# #o.###.##.###....
#..##.# #.............#
#.....# #.(###.##.#####
#..#### #.o# #.##.# #..#
#.@# #.##.# #..#
#####..###.##.#
#..###..........##.#
######o..÷.......##..##.#
......o####.###.###..##.#
######.# ##.###.###..##.#
#.###...##.)....##.#
######..................####
.....^.###∩.∩#####...#.....#


You could see an orc priest and 2 orcs.

Vanquished Creatures
  2 adders (D:2)
  4 ball pythons
  5 bats
  3 endoplasms
  2 giant cockroaches (D:2)
  6 goblins
  7 hobgoblins
  2 jackals (D:2)
  A quokka (D:2)
  3 kobolds
  3 rats
38 creatures vanquished.

Vanquished Creatures (others)
  110 foxfires
110 creatures vanquished.

Grand Total: 148 creatures vanquished

Notes
Turn   | Place    | Note
-------+----------+-------------------------------------------
     0 | D:1      | funkygono the Draconian Fire Elementalist began the quest
                  | for the Orb.
     0 | D:1      | Reached XP level 1. HP: 14/14 MP: 3/3
   422 | D:1      | Reached XP level 2. HP: 20/20 MP: 3/5
   450 | D:1      | Learned a level 2 spell: Scorch
  1273 | D:2      | Reached XP level 3. HP: 26/26 MP: 1/6
  1330 | D:2      | Learned a level 3 spell: Conjure Flame
  1389 | D:2      | Found Fuatuosa's Distillery.
  2071 | D:3      | Found Suzxeh's General Store.
  2076 | D:3      | Bought a potion of heal wounds for 60 gold pieces
  2274 | D:3      | Killed from afar by an orc priest

Illustrated notes

Levels and vault maps discovered:
D:1:      amcnicky_arrival_flooded_fountain, layout_basic,
          nicolae_concentric_dashed_squares_mild
D:2:      layout_loops_ring, serial_shops, nicolae_square_shop,
          minmay_goblin_outpost
D:3:      layout_loops_ring, serial_shops,
          nicolae_shop_competitors_out_of_business, hangedman_feature_mirror,
          uniq_pargi

Skill      XL: |  1  2 |
---------------+-------+-----
Conjurations   | 2 |  2.1
Dodging        | |  1.9
Stealth        | |  1.7
Spellcasting   | |  2.4
Fire Magic     | |  3.9

Action                   || total
-------------------------++-------
Melee: Dagger            ||     2
 Cast: Foxfire           ||    73
       Scorch            ||     4
Armor: Skin              ||     6
Dodge: Dodged            ||    11

Table legend: (Time is in decaauts)
 A = Elapsed time spent in this place.
 B = Non-inter-level travel time spent in this place.
 C = Inter-level travel time spent in this place.
 D = Time resting spent in this place.
 E = Time spent auto-exploring this place.
 F = Levels seen in this place.
 G = Mean time per level.
                   A        B        C        D        E       F      G
               +--------+--------+--------+--------+--------+-----+--------+
         Total |   2273 |   2226 |     47 |      0 |   1880 |   3 |  757.7 |
       Dungeon |   2273 |   2226 |     47 |      0 |   1880 |   3 |  757.7 |
               +--------+--------+--------+--------+--------+-----+--------+

Top non-repeatable levels by time:
     D:2: 1040 daAuts
     D:1: 956 daAuts
     D:3: 275 daAuts
